 Dungeon Crawl Stone Soup version 0.28-a0-1510-gd0f6b136d3 (webtiles) character file.

Game seed: 14068982763457571325

9050 Demosthentine the Cleaver (level 11, -33/101 HPs)
             Began as a Hill Orc Fighter on Jan 14, 2022.
             Was an Elder of Beogh.
             Annihilated by a reaper (35 damage)
             ... in a Gauntlet.
             The game lasted 00:14:11 (11436 turns).

Demosthentine the Cleaver (Hill Orc Fighter)       Turns: 11436, Time: 00:14:12

Health: -33/101    AC: 15    Str: 26    XL:     11   Next: 40%
Magic:  8/11       EV: 10    Int: 10    God:    Beogh [****..]
Gold:   538        SH: 11    Dex: 12    Spells: 10/10 levels left

rFire   . . .      SeeInvis .   a - +1 war axe
rCold   . . .      Faith    .   m - +1 kite shield
rNeg    . . .      Spirit   .   b - +0 scale mail
rPois   .          Reflect  .   (no helmet)
rElec   .          Harm     .   (no cloak)
rCorr   .          Rampage  .   i - +1 pair of gloves
Will    +....      NoTele   +   (no boots)
Stlth   ..........              h - amulet "Epari" {Regen+ Str+4 Int+2}
HPRegen 1.06/turn               v - ring of willpower
MPRegen 0.12/turn               z - +4 ring of protection

@: no status effects
A: no striking features
a: Renounce Religion, Smiting, Recall Orcish Followers


You were in a Gauntlet.
You worshipped Beogh.
Beogh was greatly pleased with you.
You visited 1 branch of the dungeon, and saw 11 of its levels.
You also visited: Sewer and Gauntlet.

You collected 648 gold pieces.
You spent 110 gold pieces at shops.

Inventory:

Hand Weapons
 a - a +1 war axe (weapon)
Armour
 b - a +0 scale mail (worn)
 i - a +1 pair of gloves (worn)
 m - a +1 kite shield (worn)
Jewellery
 h - the amulet "Epari" (around neck) {Regen+ Str+4 Int+2}
   (You found it on level 4 of the Dungeon)

   [amulet of regeneration]

   Str:       It affects your strength (+4).
   Int:       It affects your intelligence (+2).
   Regen:     It increases your rate of health regeneration.
 v - a ring of willpower (left hand)
 y - a ring of flight
 z - a +4 ring of protection (right hand)
 D - the ring of Lucidity {Fire Str+2}
   (You found it on level 10 of the Dungeon)

   [ring of fire]

   It enhances your fire magic.
   Str:       It affects your strength (+2).
   rF:        It protects you from fire.
   rC:        It makes you vulnerable to cold.
Wands
 r - a wand of flame (17)
 t - a wand of digging (8)
 x - a wand of iceblast (2)
 A - a wand of polymorph (4)
 B - a wand of paralysis (7)
Scrolls
 f - 4 scrolls of magic mapping
 g - 5 scrolls of identify
 j - 8 scrolls of teleportation
 k - 4 scrolls of enchant weapon
 o - 2 scrolls of fear
 p - 2 scrolls of fog
 C - a scroll of enchant armour
Potions
 d - 2 potions of might
 e - 5 potions of flight
 l - 3 potions of mutation
 n - a potion of attraction
 q - 3 potions of haste
 s - a potion of magic
 u - a potion of brilliance
 w - a potion of invisibility
 E - a potion of resistance


   Skills:
 + Level 10.9 Fighting
 + Level 11.4 Axes
 + Level 10.0 Armour
 - Level 4.1 Dodging
 + Level 9.1 Shields


You had 10 spell levels left.
You didn't know any spells.
Your spell library contained the following spells:

 Spells                   Type           Power      Damage    Failure   Level
 Foxfire                  Conj/Fire      0%         2x1d4     87%         1
 Ensorcelled Hibernation  Hex/Ice        0%         N/A       95%         2
 Passwall                 Tmut/Erth      0%         N/A       95%         2
 Conjure Flame            Conj/Fire      0%         6-21      99%         3
 Gell's Gravitas          Tloc           0%         N/A       99%         3
 Inner Flame              Hex/Fire       0%         N/A       99%         3
 Ozocubu's Armour         Ice            0%         N/A       99%         3
 Swiftness                Air            0%         N/A       99%         3
 Teleport Other           Tloc           0%         N/A       99%         3
 Animate Dead             Necr           0%         N/A       100%        4
 Flame Wave               Conj/Fire      0%         2d4       100%        4
 Borgnjor's Vile Clutch   Necr/Erth      0%         N/A       100%        5
 Metabolic Englaciation   Hex/Ice        0%         N/A       100%        5
 Summon Forest            Summ/Tloc      0%         N/A       100%        5
 Death Channel            Necr           0%         N/A       100%        6
 Dispersal                Tloc           0%         N/A       100%        6
 Eringya's Noxious Bog    Tmut/Pois      0%         N/A       100%        6
 Simulacrum               Ice/Necr       0%         N/A       100%        6
 Summon Hydra             Summ           0%         N/A       100%        7


Dungeon Overview and Level Annotations

Branches:
Dungeon (11/15)            Temple (0/1) D:5            Lair (0/6) D:8
    Orc (0/2) D:9           Sewer (visited)         Gauntlet (1/1)

Altars:
Cheibriados
Sif Muna
Uskayaw
Xom
Yredelemnul
Zin

Shops:
D:4 ?*   D:8 (

Annotations:
Gauntlet 13 transporters, exclusion: obsidian statue


Message History

You block the hellwing's attack. x2; The hellwing misses you.
The reaper barely misses you.
Unknown command.
You barely miss the reaper.
The reaper is moderately wounded.
You hit the hellwing but do no damage. You barely miss the hellwing.
The hellwing hits you but does no damage.
You block the hellwing's attack. The hellwing closely misses you.
You block the hellwing's attack.
The reaper hits you with a +2 scythe of protection!!
* * * LOW HITPOINT WARNING * * *
You hit the reaper.
The reaper is moderately wounded.
You hit the hellwing but do no damage. x2; The hellwing hits you!
* * * LOW HITPOINT WARNING * * *
The hellwing hits you.
* * * LOW HITPOINT WARNING * * *
You block the hellwing's attack.
The hellwing hits you but does no damage.
The reaper barely misses you.
Aiming: Smiting
Press: ? - help, Dir - move target, f - reaper Smite: a reaper, wielding a +2 scythe of protection (moderately wounded)
You smite the reaper!
The reaper is moderately wounded.
You block the hellwing's attack.
The hellwing hits you but does no damage.
The hellwing completely misses you. You block the hellwing's attack.
The reaper shouts, "I have come for you, Demosthentine!"
The reaper closely misses you.
You hit the reaper but do no damage.
The reaper is moderately wounded.
You slash the hellwing! You completely miss the hellwing.
You block the hellwing's attack.
The hellwing hits you but does no damage.
The hellwing hits you.
* * * LOW HITPOINT WARNING * * *
You block the hellwing's attack.
The reaper hits you with a +2 scythe of protection!!
You die...

### ### ### ### #8# #8# #8# #8#
#################
#≈.............≈#
###...............###
#8#..###########..#8#
###..#.........#..###
#....#.#4....#.#....#
#....#.@##.##.?#....#
#..###42##.##.=###..# ###
###..#©#.5#.©.#.©#©#..### #8#
#8#..#.#..##.##.(#.#..#8#
##########..#.#..##.##..#.#..####
8#..........#.#.#.....#.#.#......
##..........#.#.........#.#......
....#########.###########.#######
....#©........#≈≈≈≈8≈≈§≈#........


You could see a reaper, 2 hellwings and a shadow imp.

Vanquished Creatures
  A worldbinder (Gauntlet)
  A kobold demonologist (D:9)
  Prince Ribbit (D:6)
  3 trolls
  Sigmund (D:6)
  11 yaks
  2 wyverns
  A wraith (D:10)
  2 vampire mosquitoes (D:10)
  3 ice beasts (D:6)
  8 orc warriors
  2 boggarts (Gauntlet)
  2 ogres
  3 wolves (D:11)
  A necrophage (D:7)
  5 bullfrogs
  A kobold brigand (D:7)
  A scorpion (D:7)
  A water moccasin skeleton (D:4)
  8 killer bees (D:9)
  A howler monkey (D:8)
  3 electric eels (D:9)
  3 centaur zombies
  8 orc priests
  2 centaur skeletons (D:6)
  4 hounds
  2 bullfrog skeletons (D:6)
  An iguana (D:6)
  Natasha (D:3)
  7 orc wizards
  A hound skeleton (D:4)
  A hound zombie (D:5)
  4 gnolls
  7 adders
  4 river rats (Sewer)
  A white imp (D:6)
  2 ufetubi
  3 adder skeletons (D:4)
  5 worms
  2 dart slugs
  21 orcs
  11 bats
  4 endoplasms
  9 giant cockroaches
  5 goblins
  8 hobgoblins
  5 jackals
  2 quokkas
  6 ball pythons
  7 frilled lizards
  A jackal skeleton (D:4)
  14 kobolds
  9 rats
  A spectral orc (D:3)
223 creatures vanquished.

Vanquished Creatures (collateral kills)
  Nergalle (D:10)
  A centaur zombie (D:10)
  A kobold demonologist (D:9)
  A shadow (D:10)
  6 yaks
  Grum (D:11)
  2 orc warriors (D:9)
  A wolf (D:11)
  A kobold brigand (D:10)
  3 orc priests (D:9)
  An orc (D:9)
19 creatures vanquished.

Vanquished Creatures (others)
  An orc priest (D:10)
  6 orcs
  An endoplasm (D:4)
  A kobold (D:4)
  14 demonic plants (Gauntlet)
23 creatures vanquished.

Grand Total: 265 creatures vanquished

Notes
Turn   | Place    | Note
-------+----------+-------------------------------------------
     0 | D:1      | Demosthentine the Hill Orc Fighter began the quest for the
                  | Orb.
     0 | D:1      | Reached XP level 1. HP: 19/19 MP: 1/1
   196 | D:1      | Reached XP level 2. HP: 20/27 MP: 2/2
   298 | D:1      | Reached skill level 3 in Axes
   421 | D:1      | Found a faded altar of an unknown god.
   793 | D:1      | Reached XP level 3. HP: 33/33 MP: 3/3
  1295 | D:2      | Reached skill level 1 in Dodging
  1826 | D:3      | Reached XP level 4. HP: 40/40 MP: 4/4
  1879 | D:3      | Found a glowing drain.
  1883 | Sewer    | Entered a sewer
  2412 | Sewer    | Reached XP level 5. HP: 23/47 MP: 5/5
  2607 | Sewer    | Reached skill level 4 in Axes
  4136 | D:3      | Found a basalt altar of Yredelemnul.
  4194 | D:4      | Became a worshipper of Beogh the Brigand
  4198 | D:4      | Noticed Natasha
  4421 | D:3      | Reached XP level 6. HP: 48/55 MP: 6/6
  4435 | D:3      | Killed Natasha
  4436 | D:3      | Reached skill level 5 in Fighting
  4790 | D:4      | Found a glowing silver altar of Zin.
  4801 | D:4      | Found a hide-covered altar of Uskayaw.
  4961 | D:4      | Identified the amulet "Epari" {Regen+ Str+4 Int+2}
  5101 | D:4      | Found Kyucsaz Zato's Magic Scroll Shop.
  5110 | D:4      | Bought a scroll of fear for 45 gold pieces
  5110 | D:4      | Bought a scroll of fog for 26 gold pieces
  5110 | D:4      | Bought a scroll of teleportation for 39 gold pieces
  5134 | D:4      | Found Foexa's Elemental Accessories.
  5165 | D:4      | Reached XP level 7. HP: 40/61 MP: 7/7
  5206 | D:4      | Found a snail-covered altar of Cheibriados.
  5346 | D:5      | Entered Level 5 of the Dungeon
  5350 | D:5      | Found a staircase to the Ecumenical Temple.
  5384 | D:5      | Reached skill level 5 in Axes
  5387 | D:5      | Reached skill level 5 in Armour
  5387 | D:5      | Reached skill level 5 in Shields
  5598 | D:5      | Identified the +3 leather armour of Huarhoamp {rF+}
  6125 | D:6      | Reached * piety under Beogh
  6126 | D:6      | Reached XP level 8. HP: 70/70 MP: 8/8
  6231 | D:6      | Reached skill level 6 in Axes
  6257 | D:6      | Noticed Sigmund
  6266 | D:6      | Killed Sigmund
  6409 | D:6      | Noticed Prince Ribbit
  6419 | D:6      | Killed Prince Ribbit
  6420 | D:6      | Reached skill level 7 in Axes
  6634 | D:6      | Reached XP level 9. HP: 79/79 MP: 9/9
  7557 | D:7      | Reached ** piety under Beogh
  8153 | D:8      | Reached skill level 8 in Axes
  8258 | D:8      | Found Siuriw's Firing Range.
  8329 | D:8      | Found a shimmering blue altar of Sif Muna.
  8405 | D:8      | Found a staircase to the Lair.
  8709 | D:9      | Noticed a troll
  8722 | D:9      | Killed a troll
  8836 | D:9      | Found a shimmering altar of Xom.
  8837 | D:9      | Found a shimmering altar of Xom.
  8865 | D:9      | Found a shimmering altar of Xom.
  8871 | D:9      | Noticed a kobold demonologist
  8881 | D:9      | Killed a kobold demonologist
  8882 | D:9      | Reached skill level 9 in Axes
  8882 | D:9      | Reached XP level 10. HP: 89/90 MP: 10/10
  9304 | D:8      | Reached *** piety under Beogh
  9330 | D:9      | Gained Boderik as an ally
  9330 | D:9      | Gained Borgun as an ally
  9407 | D:9      | Noticed a kobold demonologist
  9415 | D:9      | Killed a kobold demonologist
  9418 | D:9      | Reached skill level 10 in Axes
  9816 | D:9      | Found a staircase to the Orcish Mines.
  9938 | D:10     | Entered Level 10 of the Dungeon
  9954 | D:10     | Reached skill level 10 in Fighting
 10204 | D:10     | Reached XP level 11. HP: 92/100 MP: 11/11
 10276 | D:10     | Noticed Nergalle
 10285 | D:10     | Killed Nergalle
 10585 | D:10     | Reached skill level 11 in Axes
 10782 | D:10     | Identified the ring of Lucidity {Fire Str+2}
 10865 | D:11     | Found a gate leading to a gauntlet.
 10865 | D:11     | Noticed Grum
 10888 | D:11     | Killed Grum
 10895 | D:11     | Gained Okrist as an ally
 10919 | D:11     | Reached **** piety under Beogh
 10939 | Gauntlet | Entered a Gauntlet
 10939 | Gauntlet | Found a transporter.
 10939 | Gauntlet | Found a transporter.
 10942 | Gauntlet | Noticed a tengu warrior
 10943 | Gauntlet | Found a transporter.
 10943 | Gauntlet | Found a transporter.
 10946 | Gauntlet | Noticed a worldbinder
 10947 | Gauntlet | Noticed a wizard
 10948 | Gauntlet | Noticed a wizard
 10952 | Gauntlet | Noticed a reaper
 10961 | Gauntlet | Found a transporter.
 10968 | Gauntlet | Noticed a thrashing horror
 10971 | Gauntlet | Found a transporter.
 10971 | Gauntlet | Found a transporter.
 10971 | Gauntlet | Noticed an obsidian statue
 10974 | Gauntlet | Found a transporter.
 10976 | Gauntlet | Noticed a thrashing horror
 11001 | Gauntlet | Found a transporter.
 11008 | Gauntlet | Found a transporter.
 11026 | Gauntlet | Found a transporter.
 11033 | Gauntlet | Noticed an entropy weaver
 11072 | Gauntlet | Found a transporter.
 11074 | Gauntlet | Noticed a wolf spider
 11086 | Gauntlet | Found a transporter.
 11175 | Gauntlet | Found a transporter.
 11186 | Gauntlet | Found a transporter.
 11194 | Gauntlet | Noticed a reaper
 11204 | Gauntlet | Found a transporter.
 11371 | Gauntlet | Noticed a necromancer
 11371 | Gauntlet | Noticed a skeletal warrior
 11371 | Gauntlet | Noticed a skeletal warrior
 11372 | Gauntlet | Reached skill level 10 in Armour
 11372 | Gauntlet | Killed a worldbinder
 11379 | Gauntlet | Noticed a boulder beetle
 11434 | Gauntlet | HP: 5/101 [hellwing (7)]
 11436 | Gauntlet | HP: 2/101 [hellwing (4)]
 11436 | Gauntlet | Annihilated by a reaper

Illustrated notes

Levels and vault maps discovered:
D:1:      onia_arrival_mini_maze_b, layout_loops_ring, basic_ecumenical_altar,
          roderic_serpentine_path, minmay_domino_4
D:2:      layout_rooms, kennysheep_generic_room_14
D:3:      minmay_door_path, layout_basic, yredelemnul_forgotten_temple_becter,
          gup_sewer_entry_bowl
D:4:      layout_cave_pools, zin_scriptorium,
          mainiacjoe_overflow_catwalk_spiral, serial_shops, nicolae_shop_trees,
          nicolae_elemental_shop, uniq_natasha
D:5:      layout_basic, minmay_temple_entry_steel_oval
D:6:      layout_cave_pods, chequers_jeans, minmay_strange_pillars,
          uniq_sigmund, uniq_prince_ribbit1
D:7:      layout_cave_pods
D:8:      layout_loops_ring, nicolae_sif_muna_little_library, lair_entry_dummy,
          nicolae_shop_firing_range
D:9:      layout_long_grid, xom_redecorated, erik_orc_2
D:10:     layout_basic, uniq_nergalle
D:11:     layout_loops_ring, gauntlet_entry_generic, uniq_grum
Gauntlet: gammafunk_gauntlet_branching [gammafunk_gauntlet_arena_arrow_garden,
          gammafunk_gauntlet_arena_grid, nicolae_gauntlet_arena_blocks,
          gammafunk_gauntlet_arena_spirals, gammafunk_gauntlet_arena_corners,
          nicolae_gauntlet_arena_flowing_pool, nicolae_gauntlet_swirl,
          nicolae_gauntlet_arena_x, gauntlet_exit_hidden_loot]

Skill      XL: |  1  2  3  4  5  6  7  8  9 10 11 |
---------------+----------------------------------+-----
Axes           | 3 4 5 7 9 10 11 | 11.4
Fighting       | 4 5 6 7 8 10 | 10.9
Dodging        | 1 2 3 4 |  4.1
Armour         | 4 5 6 8 9 10 | 10.0
Shields        | 4 5 6 8 9 |  9.1

Action                   |  1- 3 |  4- 6 |  7- 9 | 10-12 || total
-------------------------+-------+-------+-------+-------++-------
Melee: War axe           |   127 |   167 |   281 |   243 ||   818
Invok: Convert to Beogh  |       |     1 |       |       ||     1
       Smiting           |       |       |       |     1 ||     1
  Use: Scroll            |     5 |     2 |     8 |     2 ||    17
       Potion            |       |     4 |       |     1 ||     5
 Stab: Distracted        |       |       |       |     1 ||     1
Armor: Scale mail        |    81 |    82 |   150 |   113 ||   426
Dodge: Dodged            |    71 |   123 |   105 |   126 ||   425
Block: Buckler           |    16 |    50 |    15 |       ||    81
       Kite shield       |       |       |   112 |   189 ||   301

Table legend: (Time is in decaauts)
 A = Elapsed time spent in this place.
 B = Non-inter-level travel time spent in this place.
 C = Inter-level travel time spent in this place.
 D = Time resting spent in this place.
 E = Time spent auto-exploring this place.
 F = Levels seen in this place.
 G = Mean time per level.
                   A        B        C        D        E       F      G
               +--------+--------+--------+--------+--------+-----+--------+
         Total |  11818 |  11369 |    449 |    931 |   8102 |  13 |  909.1 |
       Dungeon |   9801 |   9352 |    449 |    555 |   6862 |  11 |  891.0 |
         Sewer |   1519 |   1519 |      0 |    374 |    962 |   1 | 1519.0 |
      Gauntlet |    497 |    497 |      0 |      2 |    278 |   1 |  497.0 |
               +--------+--------+--------+--------+--------+-----+--------+

Top non-repeatable levels by time:
     D:3: 1660 daAuts
   Sewer: 1519 daAuts
     D:9: 1212 daAuts
     D:1: 1051 daAuts
     D:7: 967 daAuts
     D:6: 948 daAuts
    D:10: 894 daAuts
     D:2: 808 daAuts
     D:8: 779 daAuts
     D:4: 698 daAuts
     D:5: 660 daAuts
Gauntlet: 497 daAuts
    D:11: 121 daAuts
